 Dungeon Crawl Stone Soup version 0.30-a0-585-g93115170b9 (webtiles) character file.

Game seed: 1595296199490879174

923 BlackLaughter the Digger (level 7, -1/46 HPs)
             Began as a Vampire Earth Elementalist on Jan 2, 2023.
             Was an Initiate of Ru.
             Succumbed to Sigmund's poison
             ... on level 5 of the Dungeon.
             The game lasted 00:43:56 (4064 turns).

BlackLaughter the Digger (VpEE)                     Turns: 4064, Time: 00:43:57

Health: -1/46      AC:  9    Str:  5 (7)  XL:     7   Next: 84%
Magic:  16/16      EV:  9    Int: 19 (20) God:    Ru [......]
Gold:   164        SH:  0    Dex: 13 (14) Spells: 17/18 levels left

rFire   . . .      SeeInvis +    D - +0 flail (drain)
rCold   . . .      Faith    .    (no shield)
rNeg    . . .      Spirit   .    v - +3 ring mail
rPois   .          Reflect  .    (no helmet)
rElec   .          Harm     .    q - +0 cloak
rCorr   .          Rampage  .    (no gloves)
Will    +....                    (no boots)
Stlth   +                        (no amulet)
HPRegen 0.47/turn                t - ring of willpower
MPRegen 0.15/turn                (no ring)

@: lethally poisoned (-1 -> -10), healing quickly
A: alive, fangs 3, see invisible, vampiric 2
a: Exsanguinate, Renounce Religion


You were on level 5 of the Dungeon.
You worshipped Ru.
Ru was noncommittal.
You visited 2 branches of the dungeon, and saw 6 of its levels.

You collected 164 gold pieces.

Inventory:

Hand Weapons
 c - a +0 dagger
 i - a +0 whip
 p - a +0 club
 s - a +1 whip of electrocution
 D - a +0 flail of draining (weapon)
Armour
 a - a +0 robe
 d - a +0 ring mail
 f - a +0 plate armour
 o - a +0 robe of the Archmagi
 q - a +0 cloak (worn)
 r - a +0 scale mail
 u - a +0 chain mail
 v - a +3 ring mail (worn)
Jewellery
 t - a ring of willpower (left hand)
Wands
 m - a wand of quicksilver (14)
 A - a wand of flame (9)
 B - a wand of charming (6)
Scrolls
 j - 7 scrolls of teleportation {unknown}
 k - 4 scrolls of identify {unknown}
 x - a scroll of fear {unknown}
 y - a scroll of immolation {unknown}
 E - a scroll of vulnerability {unknown}
Potions
 b - a potion of magic
 e - a potion of degeneration
 g - a potion of heal wounds {unknown}
 h - 2 potions of curing {unknown}
 l - 2 potions of attraction {unknown}
 n - 2 potions of brilliance {unknown}
 w - 2 potions of might {unknown}
 z - a potion of invisibility {unknown}
 C - a potion of flight {unknown}


   Skills:
 + Level 0.2(0.1) Fighting
 + Level 0.1(0.0) Short Blades
 + Level 1.7(0.8) Armour
 + Level 2.8(1.4) Dodging
 + Level 3.6(1.8) Stealth
 + Level 0.1(0.0) Unarmed Combat
 + Level 6.0(3.0) Spellcasting
 + Level 1.1(0.5) Transmutations
 + Level 6.1(3.0) Earth Magic


You had 17 spell levels left.
You knew the following spells:

 Your Spells              Type           Power      Damage    Failure   Level
a - Sandblast             Erth           28%        2d8       21%         1

Your spell library contained the following spells:

 Spells                   Type           Power      Damage    Failure   Level
 Passwall                 Tmut/Erth      7%         N/A       45%         2
 Apportation              Tloc           4%         N/A       56%         1
 Stone Arrow              Conj/Erth      16%        3d8       75%         3
 Gell's Gravitas          Tloc           2%         N/A       91%         3
 Lesser Beckoning         Tloc           4%         N/A       91%         3
 Ozocubu's Armour         Ice            2%         N/A       91%         3
 Teleport Other           Tloc           2%         N/A       91%         3
 Petrify                  Tmut/Erth      9%         N/A       98%         4
 Alistair's Intoxication  Tmut/Pois      2%         N/A       100%        5
 Ozocubu's Refrigeration  Ice            1%         4d7       100%        7


Dungeon Overview and Level Annotations

Branches:
Dungeon (5/15)             Temple (1/1) D:5

Altars:
Ashenzari
Cheibriados
Dithmenos
Fedhas
Gozag
Kikubaaqudgha
Ru
Sif Muna
Vehumet
Wu Jian
Xom

Annotations:
D:5 Sigmund


Innate Abilities, Weirdness & Mutations

Your natural rate of healing is accelerated.
You have razor-sharp teeth.
You have supernaturally acute eyesight. (SInv)
You are afflicted with vampirism and can become a bat while bloodless.


Message History

Sigmund hits you with a +2 scythe of venom.
The hobgoblin misses you.
Aiming: Throw Flame
Press: ? - help, Q - select action, (/) - cycle Shift-Dir - straight line, f - orc
Aim: an orc, wielding a +0 scythe and wearing a +0 robe (severely wounded, 68% to hit)
The puff of flame hits Sigmund.
Sigmund is severely wounded.
You feel sick. The orc hits you but does no damage.
The hobgoblin hits you from afar with a +0 scythe.
Sigmund hits you with a +2 scythe of venom.
You are more poisoned.
Aiming: Charm
Press: ? - help, Q - select action, (/) - cycle Shift-Dir - straight line, f - hobgoblin, p - orc
Aim: a hobgoblin, wielding a +0 scythe and wearing a +0 robe (chance to affect: 66%) Sigmund resists with significant effort.
You feel very sick. The orc misses you.
The hobgoblin hits you from afar with a +0 scythe.
Aiming: Throw Flame
Press: ? - help, Q - select action, (/) - cycle Shift-Dir - straight line, f - orc
Aim: an orc, wielding a +0 scythe and wearing a +0 robe (severely wounded, 68% to hit)
The puff of flame hits Sigmund.
Sigmund is almost dead.
You feel very sick. The orc hits you but does no damage.
Sigmund points at you and mumbles some strange words.
The magic dart hits you!
* * * LOW HITPOINT WARNING * * *
The hobgoblin hits you but does no damage.
* * * LOW HITPOINT WARNING * * *
You feel sick. Sigmund barely misses you.
* * * LOW HITPOINT WARNING * * *
You feel sick.
It was a potion of degeneration.
There was something very wrong with that liquid.
You feel weakened.
You feel dopey.
You feel clumsy.
* * * LOW HITPOINT WARNING * * *
You feel sick. Sigmund hits you but does no damage.
You are more poisoned.
You die...

#..............#
#.........#
#..............#
##..#######
#..............# #.
#
#..............####
# #
#......##.........#
#########.........#
#.........#
###.........#
.........@...#
###..........#
#..........#
#......@...#
#...##o##..#
#...#.g #..#
#####.. #### ###


You could see Sigmund, an orc and a hobgoblin.

Vanquished Creatures
  2 black bears (D:5)
  3 phantoms
  A scorpion (D:3)
  Jessica (D:2)
  4 iguanas
  Ijyb (D:3)
  Terence (D:2)
  Robin (D:4)
  7 adders
  8 gnolls
  2 white imps
  2 ufetubi (D:5)
  3 dart slugs
  7 orcs
  3 bats
  4 endoplasms
  2 giant cockroaches
  14 goblins
  7 hobgoblins
  7 kobolds
  7 quokkas
  9 ball pythons
  A frilled lizard (D:1)
  6 rats
103 creatures vanquished.

Notes
Turn   | Place    | Note
-------+----------+-------------------------------------------
     0 | D:1      | BlackLaughter the Vampire Earth Elementalist began the
                  | quest for the Orb.
     0 | D:1      | Reached XP level 1. HP: 13/13 MP: 3/3
   143 | D:1      | Reached XP level 2. HP: 19/19 MP: 1/5
  1235 | D:2      | Gained mutation: You are afflicted with vampirism and can
                  | become a bat while bloodless. [Vampire growth]
  1235 | D:2      | Reached XP level 3. HP: 24/24 MP: 5/7
  1301 | D:2      | Noticed Jessica
  1311 | D:2      | Killed Jessica
  1437 | D:2      | Reached XP level 4. HP: 30/30 MP: 6/8
  1564 | D:2      | Noticed Terence
  1571 | D:2      | Killed Terence
  1773 | D:2      | Found a faded altar of an unknown god.
  1779 | D:2      | Prayed at the altar of an unknown god.
  1779 | D:2      | Became a worshipper of Ashenzari the Shackled
  1993 | D:3      | Reached XP level 5. HP: 35/35 MP: 7/10
  2447 | D:3      | Reached skill level 1 in Armour
  2626 | D:4      | Noticed Ijyb
  2627 | D:4      | Noticed a phantom
  2644 | D:3      | Reached XP level 6. HP: 11/41 MP: 1/12
  2644 | D:3      | Killed Ijyb
  2881 | D:4      | Reached skill level 5 in Earth Magic
  2926 | D:4      | Reached skill level 5 in Spellcasting
  2991 | D:4      | Noticed Robin
  3016 | D:4      | Killed Robin
  3035 | D:4      | Reached XP level 7. HP: 46/46 MP: 1/14
  3598 | D:5      | Entered Level 5 of the Dungeon
  3875 | D:5      | Found a staircase to the Ecumenical Temple.
  3896 | Temple   | Entered the Ecumenical Temple
  3989 | Temple   | Fell from the grace of Ashenzari
  3989 | Temple   | Became a worshipper of Ru the Awakened
  4052 | D:5      | Noticed Sigmund
  4062 | D:5      | HP: 2/46 [poisoned by Sigmund]
  4064 | D:5      | Succumbed to Sigmund's poison

Illustrated notes

Levels and vault maps discovered:
D:1:      amcnicky_arrival_gap_in_the_tavern_cellar, layout_basic
D:2:      layout_loops_cross, shapermc_ecumenical_altar_petra, uniq_terence,
          uniq_jessica
D:3:      layout_basic, good_gods_mini_temple
D:4:      layout_cave_pools, uniq_robin, uniq_ijyb
D:5:      nicolae_cairo_tiling_large, layout_basic,
          minmay_temple_entry_large_hall, sigmund_army, uniq_blork_the_orc
Temple:   eino_temple_lava

Skill      XL: |  1  2  3  4  5  6  7 |
---------------+----------------------+-----
Spellcasting   | 3 4 5 6 |  6.0
Earth Magic    | 4 5 6 |  6.1
Armour         | 1 |  1.7
Fighting       | |  0.2
Short Blades   | |  0.1
Dodging        | |  2.8
Stealth        | |  3.6
Unarmed Combat | |  0.1
Transmutations | |  1.1

Action                   |  1- 3 |  4- 6 |  7- 9 || total
-------------------------+-------+-------+-------++-------
Melee: Unarmed           |     6 |       |       ||     6
       Dagger            |    12 |       |       ||    12
 Cast: Sandblast         |    39 |    95 |    45 ||   179
Evoke: Wand              |       |       |     7 ||     7
  Use: Potion            |       |       |     1 ||     1
Armor: Plate armour      |    10 |       |       ||    10
       Ring mail         |     7 |    40 |    22 ||    69
       Robe              |       |     1 |       ||     1
Dodge: Dodged            |    14 |    45 |    21 ||    80

Table legend: (Time is in decaauts)
 A = Elapsed time spent in this place.
 B = Non-inter-level travel time spent in this place.
 C = Inter-level travel time spent in this place.
 D = Time resting spent in this place.
 E = Time spent auto-exploring this place.
 F = Levels seen in this place.
 G = Mean time per level.
                   A        B        C        D        E       F      G
               +--------+--------+--------+--------+--------+-----+--------+
         Total |   4151 |   3960 |    191 |    319 |   2893 |   6 |  691.8 |
       Dungeon |   4051 |   3868 |    183 |    319 |   2806 |   5 |  810.2 |
        Temple |    100 |     92 |      8 |      0 |     87 |   1 |  100.0 |
               +--------+--------+--------+--------+--------+-----+--------+

Top non-repeatable levels by time:
     D:2: 1016 daAuts
     D:3: 953 daAuts
     D:1: 892 daAuts
     D:4: 809 daAuts
     D:5: 379 daAuts
  Temple: 100 daAuts
